 Dungeon Crawl Stone Soup version 0.31-a0-920-g28cbb04a8c (webtiles) character file.

Game seed: 10686409735889910213

312 Xavori the Trooper (level 6, 0/44 HPs)
             Began as an Octopode Chaos Knight on Oct 17, 2023.
             Was a Plaything of Xom.
             Slain by Pikel
             ... wielding a +2 whip of flaming
              (11 damage)
             ... on level 4 of the Dungeon.
             The game lasted 00:02:40 (5956 turns).

Xavori the Trooper (Octopode Chaos Knight)          Turns: 5956, Time: 00:02:41

Health: 0/44       AC:  1    Str: 12    XL:     6   Next: 42%
Magic:  6/6        EV: 13    Int: 14    God:    Xom [..*...]
Gold:   165        SH:  4    Dex: 13    Spells: 5/5 levels left

rFire   . . .        a - +1 short sword (chaos)
rCold   . . .        h - +0 buckler
rNeg    . . .        (helmet restricted)
rPois   .            (no amulet)
rElec   .            (no ring)
rCorr   .            (no ring)
SInv    .            (no ring)
Will    .....        (no ring)
Stlth   ++           (no ring)
HPRegen 0.27/turn    (no ring)
MPRegen 0.10/turn    (no ring)
                     (no ring)

%: no passive effects
@: no status effects
A: almost no armour, amphibious, 8 rings, camouflage 1, gelatinous body 1,
(nimble swimmer 1), tentacles, tentacle spike 1
a: Renounce Religion


You were on level 4 of the Dungeon.
You worshipped Xom.
You were a toy of Xom.
You visited 1 branch of the dungeon, and saw 4 of its levels.

You collected 165 gold pieces.

Inventory:

Hand Weapons
 a - a +1 short sword of chaos (weapon)
Armour
 h - a +0 buckler (worn)
Scrolls
 b - a scroll of butterflies
 d - 2 scrolls of identify
 i - a scroll of enchant armour
 l - a scroll of fog
Potions
 c - 2 potions of degeneration {unknown}
 e - 3 potions of enlightenment {unknown}
 f - a potion of heal wounds {unknown}
 g - 3 potions of might {unknown}
 j - a potion of berserk rage {unknown}
 m - 2 potions of curing {unknown}
 n - a potion of mutation {unknown}


   Skills:
 + Level 4.7 Fighting
 + Level 4.6 Short Blades
 + Level 4.2 Dodging


You had 5 spell levels left.
You didn't know any spells.
Your spell library contained the following spells:

 Spells                   Type           Power      Damage    Failure   Level
 Cigotuvi's Dreadful Rot  Necr/Pois/Air  0%         N/A       54%         2
 Ignite Poison            Fire/Tmut/Pois 0%         N/A       77%         3
 Freezing Cloud           Conj/Ice/Air   0%         6-21      100%        5


Dungeon Overview and Level Annotations

Branches:
Dungeon (4/15)
 Temple: D:4-7

Altars:
Dithmenos
Okawaru
Qazlal
Xom

Annotations:
D:4 1 runed translucent door, Crazy Yiuf, Pikel


Innate Abilities, Weirdness & Mutations

You cannot wear most types of armour.
You are amphibious.
You can wear up to eight rings at the same time.
Your skin changes colour to match your surroundings (Stealth+).
Your rubbery body absorbs attacks. (AC +1, EV +1)
((You are camouflaged when in or above water. (Stealth+)))
You have tentacles for arms and can constrict up to eight enemies at once.
One of your tentacles bears a spike.


Message History

You constrict the lemure, but do no damage.
The lemure hits you!
Pikel says, "Hell isn't that bad."
You barely miss the lemure. You squeeze the lemure.
You kill the lemure!
That felt strangely unrewarding.
You barely miss Pikel. Your grab misses Pikel.
You pierce Pikel, but do no damage.
You hit Pikel but do no damage. You drain Pikel. Your grab misses Pikel.
Your tentacle spike misses Pikel.
Pikel is lightly wounded.
Pikel hits you with a +2 whip of flaming!
Pikel burns you.
You closely miss Pikel. Your grab misses Pikel.
Your tentacle spike misses Pikel.
Pikel is lightly wounded.
Pikel hits you with a +2 whip of flaming!
Pikel burns you.
You hit Pikel but do no damage. You grab Pikel.
You pierce Pikel.
Pikel is lightly wounded.
You constrict Pikel.
Pikel hits you with a +2 whip of flaming!
* * * LOW HITPOINT WARNING * * *
Pikel burns you.
* * * LOW HITPOINT WARNING * * *
You hit Pikel but do no damage.
You pierce Pikel, but do no damage.
Pikel is moderately wounded.
You constrict Pikel. You hit Pikel. Lightning courses through Pikel!
Your tentacle spike misses Pikel.
You squeeze Pikel.
Pikel is severely wounded.
You constrict Pikel. Pikel barely misses you.
You barely miss Pikel.
You pierce Pikel, but do no damage.
You squeeze Pikel, but do no damage.
Pikel is severely wounded.
You constrict Pikel.
Pikel hits you with a +2 whip of flaming!
You die...
Pikel says, "See you in Hell!"
Xom cackles wildly!

..###[# #.###.# #...#.#
###.#.# #.# #+## #.#.# #.#
#...# ###.#.# #.### #.....
......# #.#.## #......
.##.#######....####.......
................@K55......
.#######.##.....###5......
## #....†....# #...... #
#†.##.##.[# #..... #
#..#..##..# #5..# #
#..#.###..# .'## # #...)
.... ,.# # #.##. #.##.# #
# #. .. .. ..


You could see Pikel (drained) and 3 lemures.

Vanquished Creatures
  A lemure (D:4)
  Blork the orc (D:4)
  2 iguanas (D:4)
  6 gnolls (D:3)
  4 adders
  4 worms
  4 dart slugs
  6 orcs
  8 ball pythons
  5 bats
  4 endoplasms
  A giant cockroach (D:1)
  3 goblins
  6 hobgoblins
  5 jackals
  5 kobolds
  A quokka (D:1)
  6 frilled lizards
  7 rats
79 creatures vanquished.

Notes
Turn   | Place    | Note
-------+----------+-------------------------------------------
     0 | D:1      | Xavori the Octopode Chaos Knight began the quest for the
                  | Orb.
     0 | D:1      | Reached XP level 1. HP: 16/16 MP: 1/1
    81 | D:1      | Reached XP level 2. HP: 21/21 MP: 2/2
   327 | D:1      | XOM: silly message
   478 | D:1      | Reached XP level 3. HP: 26/26 MP: 3/3
  1194 | D:1      | XOM: scenery: summon butterflies
  1347 | D:1      | XOM: scenery: create altars
  3394 | D:1      | XOM is BORED!
  3394 | D:1      | XOM: give mutation
  3394 | D:1      | Gained mutation: One of your tentacles bears a spike.
                  | [Xom's mischief]
  3728 | D:1      | XOM: summons 1 hostile shadow creature
  3810 | D:2      | XOM: 6-stop teleportation journey
  3812 | D:2      | XOM: polymorph orc -> adder
  3876 | D:2      | Reached XP level 4. HP: 26/33 MP: 4/4
  3876 | D:2      | XOM: chaos upgrade
  3888 | D:2      | XOM: 6-stop teleportation journey
  4153 | D:2      | XOM: stat loss: -1 Int (13/14)
  4301 | D:2      | XOM: cloud trail
  4407 | D:2      | XOM: god gift: scroll labelled OTUALE RYNGOAH {god gift}
  4426 | D:2      | XOM: summons 1 hostile demon
  4553 | D:3      | XOM: butterfly on damage
  4554 | D:3      | XOM: cleaving
  4774 | D:3      | Found a faded altar of an unknown god.
  4843 | D:3      | Reached XP level 5. HP: 37/37 MP: 5/5
  4847 | D:3      | XOM: butterfly on damage
  4994 | D:3      | XOM: confusion
  5259 | D:3      | Found a stormy altar of Qazlal.
  5260 | D:3      | Found an iron altar of Okawaru.
  5276 | D:3      | XOM: chaos cloud
  5319 | D:3      | Found a shadowy altar of Dithmenos.
  5571 | D:4      | Found a runed translucent door.
  5572 | D:4      | Noticed Crazy Yiuf
  5588 | D:4      | Noticed Blork the orc
  5595 | D:4      | Killed Blork the orc
  5596 | D:4      | Reached XP level 6. HP: 44/44 MP: 6/6
  5920 | D:4      | XOM: divination: detect creatures
  5938 | D:4      | Noticed Pikel
  5956 | D:4      | Slain by Pikel

Illustrated notes

Levels and vault maps discovered:
D:1:      ebering_hopf_link, layout_basic
D:2:      layout_loops_cross, st_stairs_12
D:3:      layout_rooms, lemuel_coloured_pillars_altar,
          nicolae_overflow_two_pavilions, ebering_ecumenical_altar_sacrificial,
          minmay_misc_feat_room
D:4:      layout_loops_corners, minmay_temple_entry_large_hall,
          chequers_mini_garden, uniq_crazy_yiuf_cottage, uniq_pikel,
          uniq_blork_the_orc

Skill      XL: |  1  2  3  4  5 |
---------------+----------------+-----
Dodging        | 3 4 |  4.2
Fighting       | 4 |  4.7
Short Blades   | 4 |  4.6

Action                     |  1- 3 |  4- 6 || total
---------------------------+-------+-------++-------
  Melee: Short sword       |    63 |   126 ||   189
         Constrict         |    17 |    28 ||    45
         Tentacles         |    11 |    23 ||    34
         Kick              |     3 |    44 ||    47
         Punch             |       |     1 ||     1
    Use: Scroll            |       |     4 ||     4
   Stab: Sleeping          |     4 |     8 ||    12
         Paralysed         |     1 |     2 ||     3
 Armour: Skin              |    21 |    46 ||    67
  Dodge: Dodged            |    42 |    46 ||    88
  Block: Buckler           |     1 |    13 ||    14

Table legend: (Time is in decaauts)
 A = Elapsed time spent in this place.
 B = Non-inter-level travel time spent in this place.
 C = Inter-level travel time spent in this place.
 D = Time resting spent in this place.
 E = Time spent auto-exploring this place.
 F = Levels seen in this place.
 G = Mean time per level.
                   A        B        C        D        E       F      G
               +--------+--------+--------+--------+--------+-----+--------+
         Total |   5928 |   5755 |    173 |   3208 |   2043 |   4 | 1482.0 |
       Dungeon |   5928 |   5755 |    173 |   3208 |   2043 |   4 | 1482.0 |
               +--------+--------+--------+--------+--------+-----+--------+

Top non-repeatable levels by time:
     D:1: 3720 daAuts
     D:2: 1045 daAuts
     D:3: 739 daAuts
     D:4: 424 daAuts
